 Dungeon Crawl Stone Soup version 0.24.0-13-gcf9b319 (webtiles) character file.

Game seed: 7880940518858455905, levelgen mode: deterministic

2690 Fortress the Blocker (level 9, -5/81 HPs)
             Began as a Deep Dwarf Fighter on Feb 5, 2020.
             Slain by a two-headed ogre
             ... wielding a +0 giant spiked club
              (16 damage)
             ... on level 7 of the Dungeon.
             The game lasted 00:34:45 (5310 turns).

Fortress the Blocker (Deep Dwarf Fighter)           Turns: 5310, Time: 00:34:46

Health: -5/81      AC: 14    Str: 24    XL:     9   Next: 38%
Magic:  7/7        EV:  7    Int:  8    God:
Gold:   379        SH: 12    Dex: 15    Spells: 8/8 levels left

rFire    . . .     SeeInvis .   e - +2 short sword (venom)
rCold    . . .     Gourm    .   c - +0 shield
rNeg     + . .     Faith    .   r - +0 chain mail
rPois    .         Spirit   .   t - +1 helmet
rElec    .         Reflect  .   h - +0 cloak
rCorr    .         Harm     .   (no gloves)
MR       ++...                  (no boots)
Stlth    ..........             H - amulet of rage
HPRegen  0.00/turn              z - ring of protection from magic
MPRegen  0.10/turn              y - ring of Sunlight {+Fly rN+ Dex+3}

@: about to teleport, non-regenerating
A: damage resistance, heal wounds, sense surroundings 2, no regeneration
a: Heal Wounds, Evoke Berserk Rage, Evoke Flight


You were on level 7 of the Dungeon.
You were not hungry.

You visited 2 branches of the dungeon, and saw 9 of its levels.

You collected 415 gold pieces.
You spent 36 gold pieces at shops.

Inventory:

Hand Weapons
 e - a +2 short sword of venom (weapon)
 x - a +4 flail of crushing
 C - a +2 hand axe of freezing
Armour
 c - a +0 shield (worn)
 h - a +0 cloak (worn)
 r - a +0 chain mail (worn)
 t - a +1 helmet (worn)
Jewellery
 q - an uncursed ring of resist corrosion
 y - the ring of Sunlight (right hand) {+Fly rN+ Dex+3}
   (You found it on level 6 of the Dungeon)

   [ring of flight]

   It affects your dexterity (+3).
   It protects you from negative energy.
   It lets you fly.
 z - a ring of protection from magic (left hand)
 B - an uncursed ring of protection from cold
 D - an uncursed ring of see invisible
 H - an amulet of rage (around neck)
Wands
 b - a wand of random effects (28)
 G - a wand of disintegration (12)
Scrolls
 d - 2 scrolls of remove curse
 j - 2 scrolls of magic mapping
 k - a scroll of teleportation
 m - 2 scrolls of enchant armour
 s - a scroll of identify
 E - 2 scrolls of fear
Potions
 g - a potion of haste
 n - a potion of cancellation {unknown}
 o - 4 potions of curing
 v - 2 potions of heal wounds
 A - a potion of ambrosia {unknown}
 I - a potion of degeneration {unknown}
Comestibles
 a - a chunk of flesh
 f - 22 rations


   Skills:
 + Level 5.1 Fighting
 + Level 6.2 Short Blades
 + Level 5.2 Axes
 + Level 6.8 Armour
 + Level 8.2 Shields


You had 8 spell levels left.
You didn't know any spells.
Your spell library contained the following spells:

 Spells                   Type           Power        Failure   Level  Hunger
 Animate Skeleton         Necr           N/A          100%        1    ##.....
 Apportation              Tloc           #.....       100%        1    ##.....
 Beastly Appendage        Tmut           #.....       100%        1    ##.....
 Confusing Touch          Hex            #.....       100%        1    ##.....
 Summon Small Mammal      Summ           #...         100%        1    ##.....
 Sticks to Snakes         Tmut           #.......     100%        2    ###....
 Spider Form              Tmut/Pois      #.........   100%        3    ####...
 Ice Form                 Ice/Tmut       #.......     100%        4    #####..
 Blade Hands              Tmut           #.........   100%        5    ######.


Dungeon Overview and Level Annotations

Branches:
Dungeon (8/15)             Temple (1/1) D:6
   Lair: D:8-11

Altars:
Ashenzari
Cheibriados
Dithmenos
Fedhas
Gozag
Hepliaklqana
Kikubaaqudgha
Makhleb
Okawaru
Qazlal
Ru
Sif Muna
Trog
Uskayaw
Vehumet
Wu Jian
Xom
Yredelemnul
Zin
The Shining One

Shops:
D:4 (   D:5 *   D:8 (

Annotations:
D:6 3 runed translucent doors, acdeimund's ghost, novice MiMo


Innate Abilities, Weirdness & Mutations

You are resistant to damage.
You can heal yourself by infusing magical energy.
You passively map the area around you.
You do not regenerate.


Message History

The two-headed ogre is poisoned.
You block the two-headed ogre's attack.
The two-headed ogre hits you with a +0 giant club!!
You closely miss the two-headed ogre.
Your shield and chain mail prevent you from hitting the two-headed ogre.
The two-headed ogre is lightly wounded.
You block the leopard gecko's attack. You block the two-headed ogre's attack.
The two-headed ogre hits you with a +0 giant club!
You hit the two-headed ogre.
The two-headed ogre looks as sick as possible!
The two-headed ogre is lightly wounded.
You block the leopard gecko's attack. You block the two-headed ogre's attack.
The two-headed ogre hits you with a +0 giant club!!
* * * LOW HITPOINT WARNING * * *
The leopard gecko bites you but does no damage.
You block the leopard gecko's attack. A mysterious force pulls you upwards.
The hatch slams shut behind you.
As you read the scroll of teleportation, it crumbles to dust.
You feel strangely unstable. You block the two-headed ogre's attack.
The two-headed ogre hits you with a +0 giant club!
You die...

......#
..##################
..#####.##.#.>..#..##
....................#
..........<...#.....#
#..##........###+####
#####....((..##....##
#...#...(....(.O....#
'..####'###..##l@...#
#..##...###..###'####
#..##........##(...##
....'........#......#
....#........#......#
....#........'......#
...#########+###...##
##.###...##..###...##
#...#...............#


You could see a two-headed ogre and a leopard gecko.

Vanquished Creatures
  Sigmund (D:6)
  A spriggan (D:7)
  2 steam dragons (D:6)
  Edmund (D:6)
  A phantom (D:8)
  6 ogres
  A crocodile (D:8)
  A centaur (D:7)
  A scorpion (D:8)
  3 wights (D:6)
  2 howler monkeys (D:8)
  3 crimson imps
  A quasit (D:8)
  A bullfrog zombie (D:5)
  A jelly (D:6)
  A bullfrog skeleton (D:8)
  2 orc priests
  A hound (D:6)
  3 orc wizards
  2 iguanas (D:8)
  2 worker ants
  2 hound skeletons
  A worker ant zombie (D:7)
  Robin (D:3)
  15 gnolls
  2 river rats (D:4)
  13 adders
  An ooze (D:1)
  2 adder zombies
  3 worms
  4 leopard geckos
  19 orcs
  3 ball pythons
  5 giant cockroaches
  15 goblins
  7 hobgoblins
  19 jackals
  8 kobolds
  6 quokkas
  5 bats
  8 frilled lizards
  A jackal skeleton (D:4)
  A leopard gecko zombie (D:5)
  2 quokka zombies (D:5)
  12 rats
192 creatures vanquished.

Vanquished Creatures (collateral kills)
  An orc (D:8)
1 creature vanquished.

Grand Total: 193 creatures vanquished

Notes
Turn   | Place    | Note
-------+----------+-------------------------------------------
     0 | D:1      | Fortress the Deep Dwarf Fighter began the quest for the
                  | Orb.
     0 | D:1      | Reached XP level 1. HP: 20/20 MP: 1/1
    62 | D:1      | Reached XP level 2. HP: 19/28 MP: 2/2
   392 | D:1      | Reached XP level 3. HP: 18/34 MP: 3/3
   984 | D:2      | Reached XP level 4. HP: 13/42 MP: 4/4
  1414 | D:3      | Reached skill level 4 in Shields
  1455 | D:3      | Noticed an ogre
  1462 | D:3      | Killed an ogre
  1462 | D:3      | Reached XP level 5. HP: 47/50 MP: 5/5
  1476 | D:3      | Found a snail-covered altar of Cheibriados.
  1748 | D:3      | Reached XP level 6. HP: 38/57 MP: 6/6
  1835 | D:3      | Noticed Robin
  1857 | D:3      | Killed Robin
  1931 | D:3      | Found a shimmering altar of Xom.
  2214 | D:4      | Reached skill level 5 in Axes
  2229 | D:4      | Reached skill level 1 in Short Blades
  2231 | D:4      | Found a burning altar of Makhleb.
  2240 | D:4      | Found Butisaax's Antique Weapon Shoppe.
  2429 | D:4      | Reached skill level 5 in Shields
  2491 | D:4      | Reached XP level 7. HP: 51/64 MP: 7/7
  2568 | D:4      | Found a shattered altar of Ashenzari.
  2811 | D:4      | Found a glowing drain.
  2906 | D:5      | Entered Level 5 of the Dungeon
  3005 | D:5      | You fall into a shaft and drop 1 floor!
  3029 | D:6      | Noticed Edmund
  3040 | D:6      | Killed Edmund
  3047 | D:6      | Got a slimy ivory ring
  3048 | D:6      | Identified the ring of Sunlight {+Fly rN+ Dex+3} (You found
                  | it on level 6 of the Dungeon)
  3138 | D:5      | Found Tulodo's General Store.
  3169 | D:5      | Bought a scroll of noise for 12 gold pieces
  3169 | D:5      | Bought a scroll of identify for 24 gold pieces
  3336 | D:5      | Found a shimmering blue altar of Sif Muna.
  3394 | D:5      | Found a bloodstained altar of Trog.
  3878 | D:6      | Noticed Sigmund
  3895 | D:6      | Killed Sigmund
  3895 | D:6      | Reached skill level 5 in Armour
  3895 | D:6      | Reached skill level 6 in Shields
  3895 | D:6      | Reached XP level 8. HP: 64/72 MP: 8/8
  3977 | D:6      | Found a runed translucent gate.
  3977 | D:6      | Found a runed translucent gate.
  3977 | D:6      | Found a runed translucent gate.
  3982 | D:6      | Noticed acdeimund's ghost (novice MiMo)
  4129 | D:6      | Found a staircase to the Ecumenical Temple.
  4142 | Temple   | Entered the Ecumenical Temple
  4372 | D:6      | Reached skill level 7 in Shields
  4549 | D:7      | Found a hazy altar of Hepliaklqana.
  4649 | D:7      | Reached skill level 5 in Short Blades
  4779 | D:7      | Gained mutation: You passively map the area around you.
                  | [Deep Dwarf growth]
  4779 | D:7      | Reached XP level 9. HP: 42/80 MP: 9/9
  4876 | D:7      | Found a basalt altar of Yredelemnul.
  5007 | D:8      | Found Buwn's Antique Weapon Boutique.
  5093 | D:8      | Reached skill level 5 in Fighting
  5158 | D:8      | Reached skill level 8 in Shields
  5297 | D:8      | Noticed a two-headed ogre
  5310 | D:7      | Slain by a two-headed ogre

Levels and vault maps discovered:
D:1:      lemuel_arrival_funnel, layout_loops_ring, minivault_19
D:2:      layout_basic
D:3:      layout_basic, old_standard_altar, xom_butterflies, uniq_robin
D:4:      layout_rooms, bloody_makhleb, portal_sewer_entry_b, serial_shops,
          shop_statue, nicolae_ashenzari_panopticon
D:5:      layout_basic, overflow_temple_1_default, led_sif_pool, first_ration,
          serial_shops, shop_fountains
D:6:      cheibrodos_steamvent, layout_cave_pools,
          minmay_temple_entry_statues_fountains, gammafunk_ghost_necromancy,
          uniq_sigmund, uniq_edmund
D:7:      layout_gridville, kennysheep_mini_moat, old_standard_altar, the_bakery
D:8:      layout_rooms, elyvilon_altar_3, serial_shops, shop
Temple:   dshaligram_water_room_temple

Skill      XL: |  1  2  3  4  5  6  7  8  9 |
---------------+----------------------------+-----
Fighting       | 3 4 5 |  5.1
Axes           | 3 4 5 |  5.2
Armour         | 4 5 6 |  6.8
Shields        | 4 5 6 7 8 |  8.2
Short Blades   | 1 3 5 6 |  6.2

Action                   |  1- 3 |  4- 6 |  7- 9 || total
-------------------------+-------+-------+-------++-------
Melee: War axe           |   131 |    69 |       ||   200
       Short sword       |       |   130 |   476 ||   606
 Abil: Heal Wounds       |     1 |     3 |     8 ||    12
  Use: Scroll            |       |     3 |    13 ||    16
       Potion            |       |     1 |       ||     1
  Eat: Chunk             |       |     6 |     6 ||    12
       Ration            |       |       |     1 ||     1
Armor: Scale mail        |    65 |    49 |       ||   114
       Chain mail        |       |    63 |   198 ||   261
Dodge: Dodged            |    59 |    42 |    90 ||   191
Block: Shield            |    75 |   112 |   252 ||   439
